Map: Temple gelé

Players

Ravengg

  • Race: Zerg Zerg

DamDam - Winner!

  • Race: Terran Terran
  • League: Diamond

VOD

Have the link to the VOD?

Description

Time

  • Played on: April 13, 2016, 1:34 p.m.
  • Length: 13:25
Show
View Real Time Build Order
Export as new Build Order

Ravengg Zerg 

Build Orders: Hatch First 

Get SALT Encoding   

  12  0:01  Drone  
  13  0:12  Overlord  
  13  0:17  Drone  
  14  0:31  Drone x2  
  16  0:37  Drone  
  17  0:55  Hatchery  
  17  0:57  Drone  
  17  1:00  Extractor  
  16  1:13  Spawning Pool  
  16  1:15  Drone  
  16  1:19  Drone  
  16  1:23  Drone  
  18  1:29  Drone  
  19  1:40  Extractor, Drone  
  19  1:55  Drone  
  19  2:00  Roach Warren, Queen  
  21  2:05  Drone  
  22  2:17  Queen  
  24  2:24  Overlord  
  26  2:44  Roach x3  
  26  2:48  Overlord  
  30  2:55  Roach  
  32  3:02  Drone x2  
  34  3:10  Ravager x3  
  37  3:18  Drone  
  38  3:26  Ravager  
  39  3:41  Hatchery  
  38  3:58  Drone x6  
  44  4:07  Overlord  
  44  4:08  Overlord  
  44  4:45  Overlord  
  44  4:46  Drone x4  
  44  4:47  Drone  
  44  4:50  Lair  
  49  4:55  Evolution Chamber x2  
  49  4:57  Baneling Nest  
  49  4:59  Metabolic Boost  
  46  5:03  Drone  
  44  5:23  Roach x3  
  44  5:24  Roach  
  50  5:33  Drone  
  50  5:34  Drone x2  
  45  5:44  Drone x2  
  47  5:53  Drone  
  47  5:54  Drone x2  
  48  6:03  Drone x3  
  51  6:40  Queen x2  
  51  6:41  Drone x5  
  51  6:42  Drone  
  51  6:44  Zerg Ground Armor Level 1  
  51  6:46  Zerg Melee Weapons Level 1  
  58  7:12  Drone  
  58  7:13  Drone x2  
  61  7:17  Ravager  
  61  7:18  Ravager  
  63  7:28  Centrifical Hooks  
  63  7:35  Drone  
  63  7:36  Drone x2  
  66  7:39  Overlord x3  
  63  7:48  Hatchery  
  63  7:51  Drone x2  
  62  7:56  Drone x3  
  62  7:58  Spire  
  65  8:00  Zergling x2  
  65  8:01  Zergling x6  
  69  8:07  Zergling x6  
  69  8:11  Zergling x2  
  69  8:12  Zergling x2  
  69  8:23  Baneling x4  
  69  8:24  Baneling x2  
  69  8:25  Zergling x12  
  66  8:39  Zergling x8  
  60  8:54  Zergling x2  
  42  8:57  Ravager x2  
  40  9:16  Baneling x2  
  40  9:17  Baneling x2  
  40  9:19  Roach x3  
  46  9:30  Roach  
  42  9:36  Zergling x6  
  43  9:42  Ravager x2  
  29  9:53  Ravager  
  17  10:01  Roach  
  17  10:02  Roach x2  
  13  10:17  Zergling x2  
  13  10:18  Zergling x4  
  16  10:22  Roach x3  
  16  10:35  Zergling x2  
  17  10:38  Zergling x2  
  18  10:43  Zergling x2  
  19  11:14  Spawning Pool  
  18  11:22  Drone x3  
  21  12:01  Zergling x6  
  1  13:07  Extractor  
Show
View Real Time Build Order
Export as new Build Order

DamDam Terran - Winner!

Build Orders: Reaper Expand 

Get SALT Encoding   

  12  0:00  SCV  
  13  0:13  SCV  
  14  0:18  Supply Depot  
  14  0:25  SCV  
  15  0:39  SCV  
  15  0:41  Barracks  
  16  0:45  Refinery  
  16  0:51  SCV  
  17  1:03  SCV  
  18  1:16  SCV  
  19  1:28  Reaper  
  19  1:29  Orbital Command  
  20  1:42  Command Center  
  20  1:52  Supply Depot  
  20  1:55  SCV  
  21  2:06  Factory  
  21  2:07  Marine  
  22  2:08  SCV  
  23  2:21  Refinery, SCV  
  24  2:29  Bunker  
  24  2:32  Marine  
  24  2:35  SCV  
  26  2:38  Bunker  
  26  2:47  Supply Depot, SCV  
  26  2:51  Marine  
  27  2:53  Factory Tech Lab  
  28  2:59  Starport  
  28  3:05  SCV  
  29  3:14  Siege Tank  
  32  3:29  Orbital Command  
  32  3:36  Marine  
  32  3:54  Supply Depot  
  32  3:56  Marine, SCV  
  32  3:58  SCV  
  35  4:09  SCV  
  36  4:13  Medivac  
  36  4:14  Siege Tank  
  41  4:19  SCV  
  41  4:21  SCV  
  43  4:25  Barracks Reactor  
  42  4:37  Barracks Reactor  
  42  4:39  Liberator  
  42  4:40  SCV x2, Barracks  
  44  4:52  SCV  
  45  4:55  SCV  
  49  5:04  SCV  
  50  5:07  Engineering Bay, SCV  
  51  5:16  SCV  
  52  5:33  Marine x2  
  52  5:35  Barracks Tech Lab  
  53  5:36  Barracks  
  53  5:39  Barracks  
  53  5:41  SCV  
  54  5:45  Supply Depot  
  54  5:54  Stimpack  
  54  5:55  Marine  
  54  5:57  Marine  
  54  6:06  Medivac  
  56  6:15  Marine x2  
  58  6:20  Marine  
  58  6:24  Orbital Command  
  59  6:26  Marine x2  
  61  6:32  Marine  
  62  6:42  Medivac, Supply Depot, Siege Tank  
  62  6:44  Supply Depot  
  62  6:45  Supply Depot  
  67  6:59  Marine  
  67  7:00  Marauder  
  70  7:04  Marine x2  
  72  7:16  Marine  
  72  7:17  Marine, Siege Tank  
  72  7:22  Marauder  
  79  7:38  Marine x2  
  79  7:39  Barracks Tech Lab, Barracks Reactor  
  79  7:43  Marauder  
  80  7:55  Marine  
  80  7:56  Marine  
  82  7:59  Marine  
  82  8:05  Marauder  
  85  8:13  Marine x2  
  85  8:15  Marine  
  85  8:17  Marine  
  89  8:22  Marine  
  89  8:26  Marauder  
  92  8:31  Marine x2  
  91  8:35  Marauder  
  91  8:39  Marine  
  91  8:46  Marine  
  91  8:47  Marauder  
  94  8:49  Marine  
  88  8:59  Marine x2  
  87  9:19  Marine x2  
  87  9:20  Marauder  
  54  10:07  Marine  
  52  10:16  Orbital Command  
  43  10:26  Marine  
  32  10:48  Orbital Command  
  31  10:52  Orbital Command  
  101  11:54  Orbital Command  
Tags
 
Add a new tag
Caveats
  • Supply blocks, unpowered buildings, or Contaminate may cause inaccurate times.
  • Supply counts are checked every 10 seconds.